 Dungeon Crawl Stone Soup version 0.28.0-53-g5a82cb258f (webtiles) character file.

Game seed: 18402895971584849225

52313 Gabide the Warrior (level 14, -7/125 HPs)
             Began as a Mummy Berserker on June 20, 2022.
             Was a High Priest of Trog.
             Killed from afar by a steam dragon (9 damage)
             ... with a ball of steam
             ... on level 5 of the Lair of Beasts.
             The game lasted 00:36:28 (24841 turns).

Gabide the Warrior (Mummy Berserker)               Turns: 24841, Time: 00:36:28

Health: -7/125     AC: 23    Str: 24    XL:     14   Next: 26%
Magic:  14/14      EV: 12    Int:  7    God:    Trog [*****.]
Gold:   872        SH:  0    Dex: 12    Spells: 13/13 levels left

rFire   x . .      SeeInvis .     - Unarmed
rCold   + . .      Faith    +   (no shield)
rNeg    + + +      Spirit   .   l - +1 storm dragon scales
rPois   ∞          Reflect  .   t - +2 helmet
rElec   +          Harm     .   y - +2 cloak
rCorr   +          Rampage  .   w - +1 pair of gloves
Will    +....                   o - +0 pair of boots
Stlth   ..........              k - amulet of faith
HPRegen 0.30/turn               h - +4 ring of evasion
MPRegen 0.14/turn               s - ring of resist corrosion

@: frozen, studying Stealth, very slow
A: cold resistance 1, negative energy resistance 3, torment resistance 2, heat
vulnerability 1, in touch with death 1, no potions
a: Renounce Religion, Trog's Hand, Brothers in Arms


You were on level 5 of the Lair of Beasts.
You worshipped Trog.
Trog was extremely pleased with you.
You visited 2 branches of the dungeon, and saw 18 of its levels.
You also visited: Sewer.

You collected 1194 gold pieces.
You spent 322 gold pieces at shops.

Inventory:

Hand Weapons
 z - the +6 hand axe "Luaciusi" {vorpal, Fly Dex+6}
   (You found it on level 2 of the Dungeon)

   It inflicts extra damage upon your enemies.
   Dex:       It affects your dexterity (+6).
   Fly:       It grants you flight.
Armour
 l - +1 storm dragon scales (worn)
 o - a +0 pair of boots (worn)
 t - a +2 helmet (worn)
 w - a +1 pair of gloves (worn)
 y - a +2 cloak (worn)
Jewellery
 b - a ring of see invisible
 h - a +4 ring of evasion (left hand)
 k - an amulet of faith (around neck)
 m - a +6 ring of intelligence
 q - a +4 ring of protection
 s - a ring of resist corrosion (right hand)
 v - an amulet of guardian spirit
 D - a +4 ring of evasion
 I - a +6 ring of strength
Wands
 a - a wand of iceblast (30)
 A - a wand of flame (10)
 G - a wand of mindburst (5)
 J - a wand of digging (3)
Scrolls
 c - 6 scrolls of brand weapon
 d - 4 scrolls of fog
 e - 7 scrolls of enchant weapon
 f - a scroll of fear
 g - 3 scrolls of teleportation
 i - a scroll of silence
 j - 6 scrolls of identify
 n - 2 scrolls of blinking
 p - 5 scrolls of noise
 u - 4 scrolls of magic mapping
 C - a scroll of holy word
 E - 2 scrolls of vulnerability
 K - a scroll of summoning
Miscellaneous
 H - a condenser vane (inert)


   Skills:
 - Level 16.0 Fighting
 + Level 5.3 Armour
 - Level 1.5 Dodging
 - Level 16.0 Unarmed Combat


You had 13 spell levels left.
You didn't know any spells.
Your spell library was empty.

Dungeon Overview and Level Annotations

Branches:
Dungeon (13/15)            Temple (0/1) D:5            Lair (5/6) D:11
  Swamp (0/4) Lair:4        Snake (0/4) Lair:4        Sewer (visited)
  Slime: Lair:5-6       Orc: D:9-12      Vaults: D:13-14

Altars:
Elyvilon
Fedhas
Makhleb
Nemelex Xobeh
Trog
Wu Jian
Yredelemnul
Zin
The Shining One

Shops:
D:5 *   D:8 *?*(


Innate Abilities, Weirdness & Mutations

You are immune to poison.
Your flesh is cold resistant. (rC+)
You are immune to negative energy. (rN+++)
You are immune to unholy pain and torment.
You are vulnerable to heat. (rF-)
You are in touch with the powers of death.
You do not drink.


Message History

The ice encasing you melts away. The rime drake breathes ice at you.
The flash freeze hits you but does no damage.
You are encased in ice.
The rime drake barely misses you. The six-headed hydra bites you!
* * * LOW HITPOINT WARNING * * *
The six-headed hydra bites you but does no damage.
The six-headed hydra barely misses you.
The six-headed hydra closely misses you.
The six-headed hydra bites you but does no damage.
The six-headed hydra bites you!
* * * LOW HITPOINT WARNING * * *
Blink to where?
Press: ? - help, Dir - move target
Found a robe.
As you read the scroll of blinking, it crumbles to dust.
Your surroundings seem slightly different.
The rime drake bites you but does no damage.
The six-headed hydra bites you but does no damage.
The six-headed hydra bites you!
* * * LOW HITPOINT WARNING * * *
The six-headed hydra bites you but does no damage.
The six-headed hydra barely misses you. The six-headed hydra bites you!
* * * LOW HITPOINT WARNING * * *
The six-headed hydra bites you.
* * * LOW HITPOINT WARNING * * *
Blink to where?
Press: ? - help, Dir - move target
As you read the scroll of blinking, it crumbles to dust.
The ice encasing you melts away.
As you read the scroll of summoning, it crumbles to dust.
Wisps of shadow whirl around you... The rime drake breathes ice at you.
The flash freeze misses your black mamba.
The flash freeze hits you but does no damage.
You are encased in ice.
The steam dragon breathes steam at you.
The ball of steam hits your black mamba!
The ball of steam hits you! The steam scalds you terribly!
You die...

..>...P.......##.......P..P.#
#......[...#####P.....P.#.P...
#.........÷÷..###.#P.P......#.
##...........P#
###P.P.........
#P...........#####........
......#......#.P#.........
....(.#.P....P..#.....#P...
....P......................
.[..........}..@...........
...P.#.#....P...§.Y.Y.....#
#.....P....S.........
...........§Y.......
.........##§..#....
..###.####.YY###[. .# ##
##..D.≈≈## #.#.†D≈≈≈## # #####
#...§.≈≈≈≈#


You could see a friendly black mamba (summoned) and 5 friendly yaks.

Vanquished Creatures
  Gastronok (D:9)
  Nessos (Lair:5)
  A boulder beetle (D:12)
  8 hydras
  A catoblepas (Lair:4)
  2 centaur warriors (D:8)
  3 two-headed ogres
  3 ugly things
  4 deep elf pyromancers
  2 oklob plants
  2 cyclopes
  10 elephants
  A torpor snail (Lair:2)
  2 black mambas
  14 cane toads
  3 rime drakes
  Maggie (D:7)
  Psyche (D:8)
  5 komodo dragons
  A tengu conjurer (D:8)
  A wind drake (shapeshifter) (D:8)
  3 polar bears
  A queen bee (D:9)
  3 trolls
  3 hornets
  21 blink frogs
  2 dream sheep (Lair:2)
  A wraith (D:9)
  3 wyverns
  39 yaks
  3 fire bats (Lair:2)
  5 basilisks
  3 vampire mosquitoes (D:9)
  A steam dragon (Lair:1)
  4 acid dragons
  4 nagas (Lair:4)
  13 water moccasins
  3 black bears
  2 orc warriors
  2 ice beasts
  2 sky beasts
  3 necrophages
  2 ogres (D:6)
  2 centaurs (D:8)
  A wolf (Lair:3)
  2 phantoms (D:5)
  2 kobold brigands (D:8)
  19 bullfrogs
  A gnoll sergeant (D:5)
  3 scorpions
  18 killer bees
  10 wights
  4 electric eels
  A lava snake (D:11)
  3 bullfrog zombies
  4 centaur zombies
  2 orc priests
  Ijyb (D:3)
  Jessica (D:3)
  2 gnoll shamans
  6 hell rats (Lair:1)
  10 orc wizards
  2 killer bee zombies (D:6)
  5 howler monkey zombies
  12 gnolls
  9 river rats
  13 adders
  2 white imps
  An ufetubus (D:5)
  An adder skeleton (D:4)
  2 worms (D:2)
  A dart slug (D:1)
  20 orcs
  17 endoplasms
  10 giant cockroaches
  6 goblins
  5 hobgoblins
  7 kobolds
  15 quokkas
  15 ball pythons
  7 bats
  7 frilled lizards
  A jackal skeleton (D:4)
  10 rats
  A bush (Lair:3)
451 creatures vanquished.

Vanquished Creatures (collateral kills)
  A fire dragon (D:11)
  Harold (D:8)
  A two-headed ogre (D:8)
  A skeletal warrior (D:7)
  Pikel (D:7)
  A sky beast (D:7)
  An ogre (D:7)
  2 centaurs (D:7)
  A lava snake (D:11)
  A hound (D:7)
  A jelly (D:7)
  A gnoll shaman (D:7)
  3 gnolls (D:7)
16 creatures vanquished.

Vanquished Creatures (others)
  A killer bee zombie (D:8)
  23 fungi
  71 plants
95 creatures vanquished.

Grand Total: 562 creatures vanquished

Notes
Turn   | Place    | Note
-------+----------+-------------------------------------------
     0 | D:1      | Gabide the Mummy Berserker began the quest for the Orb.
     0 | D:1      | Reached XP level 1. HP: 18/18 MP: 1/1
   571 | D:1      | Reached XP level 2. HP: 24/24 MP: 2/2
  1655 | D:1      | Reached XP level 3. HP: 24/29 MP: 3/3
  2491 | D:2      | Reached ** piety under Trog
  2588 | D:2      | Identified the +6 hand axe "Luaciusi" {vorpal, Fly Dex+6}
  2942 | D:2      | Reached XP level 4. HP: 28/37 MP: 4/4
  3058 | D:2      | Found a faded altar of an unknown god.
  3105 | D:3      | Found a bloodstained altar of Trog.
  3456 | D:3      | Reached XP level 5. HP: 35/43 MP: 5/5
  3752 | D:3      | Found an ornate altar of the Wu Jian Council.
  3759 | D:3      | Noticed Jessica
  3767 | D:3      | Killed Jessica
  3789 | D:3      | Noticed Ijyb
  3797 | D:3      | Killed Ijyb
  4098 | D:4      | Found a glowing drain.
  4105 | D:4      | Reached skill level 5 in Fighting
  4143 | Sewer    | Entered a sewer
  4203 | Sewer    | Reached *** piety under Trog
  4323 | Sewer    | Reached XP level 6. HP: 51/51 MP: 6/6
  4371 | Sewer    | Reached **** piety under Trog
  4675 | D:4      | Reached skill level 5 in Unarmed Combat
  4675 | D:4      | Reached XP level 7. HP: 58/58 MP: 7/7
  5034 | D:5      | Entered Level 5 of the Dungeon
  5057 | D:5      | Found a staircase to the Ecumenical Temple.
  5311 | D:5      | Found Kimyzial's Mayhem Merchandise.
  5411 | D:5      | Found a burning altar of Makhleb.
  5412 | D:5      | Noticed an angel
  5413 | D:5      | Noticed a green death
  5516 | D:5      | Reached ***** piety under Trog
  5532 | D:5      | Found a basalt altar of Yredelemnul.
  5541 | D:5      | Reached XP level 8. HP: 57/67 MP: 8/8
  6233 | D:6      | Found a sparkling altar of Nemelex Xobeh.
  6462 | D:6      | Identified the +7 war axe of Xeutzy {flame, rElec Str+2
                  | Int-3 Dex+3}
  6488 | D:6      | Reached XP level 9. HP: 75/75 MP: 9/9
  6927 | D:7      | Noticed Maggie
  6942 | D:7      | Killed Maggie
  6981 | D:7      | Noticed Pikel
  6989 | D:7      | Killed Pikel
  6990 | D:7      | Reached skill level 10 in Fighting
  6997 | D:7      | Received a gift from Trog
  7102 | D:7      | Identified the +5 flail of the Protecting Hawk {vorpal,
                  | rElec rC+ rN+}
  7591 | D:8      | Found Yxeag's Assorted Antiques.
  7646 | D:8      | Bought a scroll of identify for 56 gold pieces
  7646 | D:8      | Bought a scroll of identify for 56 gold pieces
  7646 | D:8      | Bought a pair of runed gloves for 210 gold pieces
  7817 | D:8      | Noticed Harold
  7823 | D:8      | Killed Harold
  7824 | D:8      | Reached XP level 10. HP: 86/86 MP: 10/10
  7934 | D:8      | Noticed a cyclops
  7952 | D:8      | Killed a cyclops
  8006 | D:8      | Noticed a skeletal warrior
  8009 | D:8      | Noticed a purple ugly thing
  8892 | D:7      | Killed a skeletal warrior
  9214 | D:8      | Found Isemily's Magic Scroll Shoppe.
  9251 | D:8      | Found Tomniad's Assorted Antiques.
  9251 | D:8      | Noticed a two-headed ogre
  9369 | D:8      | Killed a purple ugly thing
  9484 | D:8      | Noticed Psyche
  9508 | D:8      | Killed Psyche
  9509 | D:8      | Reached skill level 10 in Unarmed Combat
  9682 | D:8      | Found Soqaumy's Antique Weapon Shoppe.
 10129 | D:8      | Noticed a deep elf pyromancer
 10136 | D:8      | Noticed a two-headed ogre
 10418 | D:8      | Noticed a two-headed ogre
 10428 | D:8      | Killed a two-headed ogre
 10429 | D:8      | Reached XP level 11. HP: 96/96 MP: 11/11
 10549 | D:8      | Killed a deep elf pyromancer
 10910 | D:8      | Noticed a two-headed ogre
 10910 | D:8      | Noticed a deep elf pyromancer
 10916 | D:8      | Killed a two-headed ogre
 11408 | D:8      | Killed a deep elf pyromancer
 11676 | D:8      | Noticed a centaur warrior
 11676 | D:8      | Noticed a centaur warrior
 11686 | D:8      | Killed a centaur warrior
 11704 | D:8      | Killed a centaur warrior
 12233 | D:9      | Noticed Gastronok
 12262 | D:9      | Killed Gastronok
 13509 | D:10     | Entered Level 10 of the Dungeon
 13512 | D:10     | Noticed a two-headed ogre
 13530 | D:10     | Killed a two-headed ogre
 13531 | D:10     | Reached XP level 12. HP: 59/107 MP: 12/12
 14103 | D:10     | Found a blossoming altar of Fedhas.
 14655 | D:11     | Noticed a two-headed ogre
 14665 | D:10     | Killed a two-headed ogre
 14992 | D:11     | Found a staircase to the Lair.
 15183 | D:11     | Noticed a fire dragon
 15198 | D:11     | Killed a fire dragon
 15433 | D:11     | You fall into a shaft and drop 2 floors!
 15856 | D:12     | Noticed a boulder beetle
 15875 | D:12     | HP: 2/108 [boulder beetle (17)]
 15885 | D:12     | Killed a boulder beetle
 15886 | D:12     | Reached skill level 15 in Fighting
 15887 | D:12     | Noticed a two-headed ogre
 16705 | Lair:1   | Entered Level 1 of the Lair of Beasts
 16987 | Lair:1   | Noticed a four-headed hydra
 16998 | Lair:1   | Killed a four-headed hydra
 17644 | Lair:1   | Noticed a five-headed hydra
 17656 | Lair:1   | Killed a five-headed hydra
 18761 | Lair:2   | Gained mutation: You are in touch with the powers of death.
                  | [Mummy growth]
 18761 | Lair:2   | Reached XP level 13. HP: 82/117 MP: 13/13
 21361 | Lair:3   | Found a sparkling altar of Nemelex Xobeh.
 21486 | Lair:3   | Reached skill level 15 in Unarmed Combat
 21986 | Lair:3   | Received a gift from Trog
 23599 | Lair:4   | Found a staircase to the Snake Pit.
 23607 | Lair:4   | Reached XP level 14. HP: 102/125 MP: 14/14
 23867 | Lair:4   | Found a staircase to the Swamp.
 23880 | Lair:4   | Received a gift from Trog
 24318 | Lair:5   | Noticed Nessos
 24330 | Lair:5   | Killed Nessos
 24786 | Lair:5   | Reached skill level 5 in Armour
 24838 | Lair:5   | HP: 2/125 [six-headed hydra (9)]
 24841 | Lair:5   | Killed from afar by a steam dragon

Illustrated notes

Levels and vault maps discovered:
D:1:      dpeg_arrival_rhombus, layout_loops_ring
D:2:      layout_basic, shapermc_ecumenical_altar_hornbeckon,
          minmay_pentomino_r2
D:3:      layout_basic, nicolae_wu_jian_immortal_techniques, bloody_trog,
          uniq_jessica, uniq_ijyb
D:4:      layout_loops_cross, cheibrodos_sewer_entry_sluice, serial_park_tiny_2
D:5:      layout_basic, grunt_temple_overflow_order_and_chaos_2,
          mainiacjoe_overflow_catwalk, minmay_temple_entry_drinking_statues,
          hangedman_abyss_or_decor_slice, minmay_shop_mayhem,
          kennysheep_generic_room_5
D:6:      layout_basic, overflow_temple_1_default
D:7:      black_bear_nest_2, layout_rooms, uniq_pikel, uniq_maggie
D:8:      nzn_winding_woodlands_large [nzn_winding_woodlands_5x5_cross,
          nzn_winding_woodlands_5x15_longhouse,
          nzn_winding_woodlands_5x5_open_star,
          nzn_winding_woodlands_center_lodge,
          nzn_winding_woodlands_15x15_five_gardens,
          nzn_winding_woodlands_center_triple_pond,
          nzn_winding_woodlands_5x5_three, nzn_winding_woodlands_5x15_eye,
          nzn_winding_woodlands_5x5_closed_star], layout_basic, serial_shops,
          shop, nicolae_shop_waterfront, nicolae_shop_advertising_works
          [nicolae_subvault_shop_adworks], shop_statue, hangedman_glass_teeth,
          uniq_psyche, uniq_harold
D:9:      layout_loops_cross, marbit_many_paths, minivault_7, uniq_gastronok
D:10:     layout_basic, mainiacjoe_overflow_surrounded_room, dk_noncrumbling_3
D:11:     dragon1_lemuel, layout_cave_pools, david_lair_shrubbed, tso_altar
D:12:     layout_basic, orc_0_dummy, elves_outpost_lemuel, uniq_nergalle
D:13:     layout_roguey, grunt_vaults_entry_tiered,
          nemelex_xobeh_ov_fountains_minmay, uniq_azrael
Lair:1:   layout_regular_city, st_stairs_6, minmay_lair_oklob_items,
          chequers_serial_rivers_micro_c, serial_bayou_pond_c,
          kennysheep_rathole
Lair:2:   layout_chaotic_city, nicolae_volcano_entry_batcave,
          grunt_megastairs_2, serial_bayou_shore_b, serial_bayou_shore_a
Lair:3:   layout_long_grid, basic_altar, minmay_lair_oklob_bushes,
          beast_lair_carwin_7
Lair:4:   layout_roguey, minmay_swamp_entry_eels,
          minmay_snake_entry_guardpost_small, lemuel_another_geyser,
          serial_bayou_shore_b
Lair:5:   layout_misc_corridors, nicolae_lair_lakeside_cave,
          lemuel_fruit_fields, uniq_nessos

Skill      XL: |  1  2  3  4  5  6  7  8  9 10 11 12 13 14 |
---------------+-------------------------------------------+-----
Unarmed Combat | 3 4 5 6 7 9 10 12 13 16 | 16.0
Fighting       | 4 5 6 7 8 10 12 14 15 16 | 16.0
Armour         | 5 |  5.3
Dodging        | |  1.5

Action                   |  1- 3 |  4- 6 |  7- 9 | 10-12 | 13-15 || total
-------------------------+-------+-------+-------+-------+-------++-------
Melee: Unarmed           |   156 |       |    80 |   846 |   580 ||  1662
       Punch             |     2 |     3 |    15 |    70 |    74 ||   164
       Hand axe          |    11 |   134 |   123 |       |       ||   268
Throw: Javelin           |       |       |       |    12 |       ||    12
       Throwing net      |       |       |       |    12 |       ||    12
Invok: Brothers in Arms  |       |       |     4 |     6 |       ||    10
       Trog's Hand       |       |       |     1 |     3 |     3 ||     7
Evoke: Wand              |       |       |     3 |    12 |       ||    15
       Condenser vane    |       |       |       |       |     1 ||     1
  Use: Scroll            |       |     7 |     4 |    11 |     4 ||    26
 Stab: Sleeping          |     2 |     2 |       |       |       ||     4
       Paralysed         |       |       |     6 |    12 |       ||    18
       Held in net/web   |       |       |       |     9 |       ||     9
Armor: Animal skin       |    23 |     5 |       |       |       ||    28
       Ring mail         |       |    44 |   110 |       |       ||   154
       Storm dragon scal |       |       |     6 |   452 |   354 ||   812
       Skin              |       |       |       |     1 |       ||     1
Dodge: Dodged            |    94 |    94 |   101 |   492 |   421 ||  1202
